[Event "69th RUS-ch Women Higher League 2019"]
[Site "Yaroslavl"]
[Date "2019.06.30"]
[Round "4.5"]
[White "Borisova, Ekaterina"]
[Black "Voit, Daria"]
[Result "1-0"]
[ECO "A50"]
[WhiteElo "2267"]
[BlackElo "2339"]
[Annotator "NA"]
[PlyCount "51"]
[EventDate "2019.06.27"]
[EventType "swiss"]
[EventCountry "RUS"]
[SourceTitle "playchess.com"]
[Source "ChessBase"]
[SourceQuality "1"]
[TimeControl "40/5400+30:1800+30"]

1. d4 Nf6 2. c4 b6 3. f3 e6 4. e4 Bb7 5. Nc3 Bb4 6. Bg5 h6 7. Bh4 Bxc3+ 8. bxc3 d6 9. Bd3 Nc6 10. f4 Na5 11. Qe2 Qd7 12. Nf3 Qa4 13. O-O Nd7 14. Rab1 f6 15. Rb4 Qa3 16. Qc2 d5 17. exd5 exd5 18. Nd2 Nxc4 19. Bxc4 dxc4 20. Nxc4 Qa6 21. Qg6+ Kd8 22. Qxg7 Re8 23. Ne5 Nf8 24. Qxf6+ Kc8 25. Qf7 Bxg2 26. Rc4 1-0

[Event "69th RUS-ch Women Higher League 2019"]
[Site "Yaroslavl"]
[Date "2019.06.30"]
[Round "4.6"]
[White "Charochkina, Daria"]
[Black "Komiagina, Maria"]
[Result "1-0"]
[ECO "B06"]
[WhiteElo "2338"]
[BlackElo "2254"]
[Annotator "NA"]
[PlyCount "71"]
[EventDate "2019.06.27"]
[EventType "swiss"]
[EventCountry "RUS"]
[SourceTitle "playchess.com"]
[Source "ChessBase"]
[SourceQuality "1"]
[TimeControl "40/5400+30:1800+30"]

1. e4 g6 2. d4 Bg7 3. Nc3 d6 4. Be3 a6 5. a4 Nf6 6. h3 Nbd7 7. Nf3 e5 8. Bc4 O-O 9. O-O exd4 10. Bxd4 c5 11. Be3 Qb6 12. Qd3 Ne5 13. Nxe5 dxe5 14. a5 Qc7 15. Rfd1 Bd7 16. Qd6 Qxd6 17. Rxd6 Bc6 18. Bxc5 Rfe8 19. Be3 Rac8 20. Bb3 Nh5 21. Ba4 Bxa4 22. Rxa4 Bf8 23. Rb6 Rb8 24. Rc4 Be7 25. Nd5 Bd8 26. Rb3 f5 27. Ba7 Ra8 28. Rxb7 f4 29. Bb6 Bh4 30. Rcc7 Rac8 31. c4 Rxc7 32. Rxc7 Ng7 33. g3 fxg3 34. fxg3 Bd8 35. Rd7 Bxb6+ 36. axb6 1-0

[Event "69th RUS-ch Women Higher League 2019"]
[Site "Yaroslavl"]
[Date "2019.06.30"]
[Round "4.7"]
[White "Potapova, Margarita"]
[Black "Maltsevskaya, Aleksandra"]
[Result "1-0"]
[ECO "E71"]
[WhiteElo "2256"]
[BlackElo "2316"]
[Annotator "NA"]
[PlyCount "115"]
[EventDate "2019.06.27"]
[EventType "swiss"]
[EventCountry "RUS"]
[SourceTitle "playchess.com"]
[Source "ChessBase"]
[SourceQuality "1"]
[TimeControl "40/5400+30:1800+30"]

1. d4 Nf6 2. c4 g6 3. Nc3 Bg7 4. e4 d6 5. h3 O-O 6. Be3 e5 7. d5 Nh5 8. Be2 Nf4 9. Bf3 g5 10. g3 Ng6 11. Qd2 h6 12. O-O-O f5 13. exf5 Bxf5 14. Be4 Qf6 15. Nge2 Nd7 16. Qc2 a6 17. Bxf5 Qxf5 18. Qxf5 Rxf5 19. Ne4 Rf3 20. N2c3 Ne7 21. Kd2 b6 22. Ke2 Rf7 23. b4 Nf5 24. Kd3 Nd4 25. h4 g4 26. h5 b5 27. Rh4 Nb6 28. c5 Nc4 29. Rb1 a5 30. Rxg4 Kh7 31. cxd6 cxd6 32. Rg6 axb4 33. Rxb4 Ra3 34. g4 Rf3 35. g5 Rxc3+ 36. Nxc3 Nxe3 37. fxe3 Nf5 38. Ne4 Rxe3+ 39. Kd2 Rh3 40. Nf6+ Bxf6 41. gxf6 Nd4 42. Rb1 e4 43. Rf1 e3+ 44. Kc1 e2 45. Rfg1 Rc3+ 46. Kd2 Rc8 47. R6g3 Rf8 48. Rg7+ Kh8 49. R1g6 Nf5 50. f7 Ne7 51. Rg1 b4 52. Kxe2 b3 53. axb3 Ra8 54. Kd3 Rb8 55. f8=Q+ Rxf8 56. Rxe7 Rf5 57. Re8+ Kh7 58. Re4 1-0

[Event "69th RUS-ch Women Higher League 2019"]
[Site "Yaroslavl"]
[Date "2019.06.30"]
[Round "4.8"]
[White "Chernyak, Viktoria"]
[Black "Protopopova, Anastasiya"]
[Result "0-1"]
[ECO "D10"]
[WhiteElo "2253"]
[BlackElo "2272"]
[Annotator "NA"]
[PlyCount "102"]
[EventDate "2019.06.27"]
[EventType "swiss"]
[EventCountry "RUS"]
[SourceTitle "playchess.com"]
[Source "ChessBase"]
[SourceQuality "1"]
[TimeControl "40/5400+30:1800+30"]

1. Nf3 d5 2. d4 Nf6 3. c4 c6 4. cxd5 cxd5 5. Nc3 Nc6 6. g3 Bf5 7. Bg2 e6 8. O-O Be7 9. Bf4 O-O 10. Rc1 h6 11. Na4 Rc8 12. a3 Ne4 13. b4 Nd6 14. Qb3 Nc4 15. Nb2 g5 16. Be3 g4 17. Ne5 Nxe3 18. fxe3 Nxe5 19. dxe5 Bg5 20. Rxc8 Qxc8 21. e4 dxe4 22. Nc4 Bg6 23. Nd6 Qc6 24. Rd1 Rd8 25. Kf1 Be7 26. Qe3 Qc2 27. Re1 Bxd6 28. exd6 Rxd6 29. Qxh6 Rc6 30. Qf4 Bf5 31. Qb8+ Kg7 32. Qxb7 Rc3 33. Qd7 Rxa3 34. Qd4+ Kg6 35. Qd8 Qc3 36. Rd1 Ra1 37. Qg8+ Kh6 38. Qf8+ Kg6 39. Qg8+ Kh6 40. Qf8+ Kh5 41. Qxf7+ Bg6 42. Qd7 e3 43. Kg1 Rxd1+ 44. Qxd1 Qxb4 45. Qa1 Qb1+ 46. Qxb1 Bxb1 47. h3 a5 48. Bc6 gxh3 49. Ba4 Bf5 50. Kh2 Bg4 51. Bb5 Kg5 0-1

[Event "69th RUS-ch Women Higher League 2019"]
[Site "Yaroslavl"]
[Date "2019.06.30"]
[Round "4.9"]
[White "Galliamova, Alisa"]
[Black "Paramzina, Anastasya"]
[Result "1-0"]
[ECO "A48"]
[WhiteElo "2444"]
[BlackElo "2300"]
[Annotator "NA"]
[PlyCount "97"]
[EventDate "2019.06.27"]
[EventType "swiss"]
[EventCountry "RUS"]
[SourceTitle "playchess.com"]
[Source "ChessBase"]
[SourceQuality "1"]
[TimeControl "40/5400+30:1800+30"]

1. d4 Nf6 2. Nf3 g6 3. Bf4 Bg7 4. e3 d6 5. Be2 Nc6 6. h3 O-O 7. O-O Nd7 8. e4 Nxd4 9. Nxd4 e5 10. Be3 exd4 11. Bxd4 Bxd4 12. Qxd4 Qf6 13. c3 Re8 14. Nd2 c5 15. Qxf6 Nxf6 16. Bd3 b6 17. f3 Bb7 18. c4 Nd7 19. Rad1 Ne5 20. Nb1 Nc6 21. Nc3 Nd4 22. Rf2 Rad8 23. Rfd2 Kf8 24. h4 h6 25. Kf2 Ke7 26. Bc2 g5 27. h5 Rg8 28. g4 Ke6 29. Rxd4 cxd4 30. Nb5 Ke5 31. Nxd4 Rh8 32. Ke3 a6 33. b4 Rc8 34. Bd3 Bc6 35. Nf5 a5 36. Be2 Rcd8 37. a3 axb4 38. axb4 Bb7 39. Rd2 Bc6 40. Rd1 Bb7 41. Rd3 Bc6 42. Bd1 f6 43. Ne7 Be8 44. Bb3 f5 45. exf5 Rh7 46. Nd5 b5 47. Kd2 bxc4 48. Bxc4 Bc6 49. Re3+ 1-0

[Event "69th RUS-ch Women Higher League 2019"]
[Site "Yaroslavl"]
[Date "2019.06.30"]
[Round "4.10"]
[White "Bivol, Alina"]
[Black "Maletina, Tatiana"]
[Result "1/2-1/2"]
[ECO "A06"]
[WhiteElo "2391"]
[BlackElo "2273"]
[Annotator "NA"]
[PlyCount "80"]
[EventDate "2019.06.27"]
[EventType "swiss"]
[EventCountry "RUS"]
[SourceTitle "playchess.com"]
[Source "ChessBase"]
[SourceQuality "1"]
[TimeControl "40/5400+30:1800+30"]

1. Nf3 d5 2. g3 g6 3. Bg2 Bg7 4. d4 Nf6 5. O-O O-O 6. Nbd2 c6 7. c4 Bf5 8. b3 Ne4 9. Bb2 Nd7 10. e3 a5 11. Nxe4 Bxe4 12. Qe2 e6 13. cxd5 exd5 14. Rfc1 a4 15. Bh3 axb3 16. axb3 Rxa1 17. Bxa1 Bxf3 18. Qxf3 Nf6 19. Qe2 Qb6 20. Qa2 Ne4 21. Bf1 f5 22. Bd3 Qb4 23. Kg2 Re8 24. Rc2 Qf8 25. Bb2 Ra8 26. Qb1 Qb4 27. Bc1 Bf8 28. Qb2 Qb6 29. f3 Nf6 30. Qb1 Qa5 31. Kf2 Bb4 32. Re2 Bc3 33. Bb2 Qb4 34. Bxc3 Qxc3 35. Qc2 Qb4 36. Qd1 Qc3 37. Qc2 Qb4 38. Qd1 Qc3 39. Qc2 Qb4 40. Qd1 Qc3 1/2-1/2

[Event "69th RUS-ch Women Higher League 2019"]
[Site "Yaroslavl"]
[Date "2019.06.30"]
[Round "4.11"]
[White "Dimitrova, Aleksandra"]
[Black "Ovod, Evgenija"]
[Result "1-0"]
[ECO "C65"]
[WhiteElo "2273"]
[BlackElo "2361"]
[Annotator "NA"]
[PlyCount "143"]
[EventDate "2019.06.27"]
[EventType "swiss"]
[EventCountry "RUS"]
[SourceTitle "playchess.com"]
[Source "ChessBase"]
[SourceQuality "1"]
[TimeControl "40/5400+30:1800+30"]

1. e4 e5 2. Nf3 Nc6 3. Bb5 Nf6 4. d3 Bc5 5. Bxc6 dxc6 6. Nbd2 Be6 7. Qe2 Nd7 8. Nb3 Be7 9. d4 f6 10. dxe5 fxe5 11. Ng5 Bxg5 12. Qh5+ Bf7 13. Qxg5 Qxg5 14. Bxg5 a5 15. Be3 b6 16. Nd2 c5 17. a4 h6 18. O-O-O Ke7 19. f4 exf4 20. Bxf4 Rac8 21. Nf3 Be8 22. Nh4 g6 23. Rhf1 Ke6 24. Bd2 Rh7 25. Bc3 Rf7 26. Rf3 c4 27. Rg3 g5 28. Nf5 Nc5 29. Nxh6 Rh7 30. Nf5 Nxe4 31. Re3 Kxf5 32. Rf1+ Kg6 33. Rxe4 Rf7 34. Re6+ Kh7 35. Rfe1 Bd7 36. R6e5 Kg6 37. R1e4 c5 38. Rd5 Rc6 39. Ree5 Rf1+ 40. Kd2 Bf5 41. g4 Be6 42. Rxg5+ Kf7 43. Rg7+ Ke8 44. Rh5 Bf7 45. Re5+ Kf8 46. Rh7 Rd6+ 47. Ke2 Rdf6 48. Rh8+ Kg7 49. Rf5 R1xf5 50. gxf5 Kxh8 51. Bxf6+ Kg8 52. Kd2 Be8 53. Bd8 Bxa4 54. Bxb6 Bd7 55. Bxa5 Bxf5 56. Kc3 Kf7 57. Kxc4 Bxc2 58. Bb6 Ke6 59. Bxc5 Bd1 60. b4 Be2+ 61. Kd4 Bf1 62. Bf8 Bh3 63. Kc5 Kd7 64. Kb6 Ke8 65. Bd6 Kd7 66. Bf4 Bf1 67. h4 Be2 68. b5 Kc8 69. Kc6 Bf3+ 70. Kd6 Kb7 71. Be3 Be2 72. b6 1-0

[Event "69th RUS-ch Women Higher League 2019"]
[Site "Yaroslavl"]
[Date "2019.06.30"]
[Round "4.12"]
[White "Ambartsumova, Karina"]
[Black "Garifullina, Leya"]
[Result "1/2-1/2"]
[ECO "A05"]
[WhiteElo "2359"]
[BlackElo "2246"]
[Annotator "NA"]
[PlyCount "47"]
[EventDate "2019.06.27"]
[EventType "swiss"]
[EventCountry "RUS"]
[SourceTitle "playchess.com"]
[Source "ChessBase"]
[SourceQuality "1"]
[TimeControl "40/5400+30:1800+30"]

1. Nf3 Nf6 2. e3 b6 3. b3 Bb7 4. Bb2 e6 5. d4 Be7 6. Bd3 O-O 7. Nbd2 d5 8. O-O Nbd7 9. Qe2 c5 10. c4 dxc4 11. bxc4 Qc7 12. Rac1 Rfd8 13. Rfd1 Rac8 14. Nf1 Nf8 15. Ne5 Ng6 16. Ng3 Bd6 17. Nxg6 hxg6 18. Re1 Be7 19. Red1 Rd7 20. Bb1 Ba6 21. Bd3 Bb7 22. Bb1 Rcd8 23. Bc2 Rc8 24. Bb1 1/2-1/2

[Event "69th RUS-ch Women Higher League 2019"]
[Site "Yaroslavl"]
[Date "2019.06.30"]
[Round "4.13"]
[White "Diakonova, Ekaterina"]
[Black "Solozhenkina, Elizaveta"]
[Result "1/2-1/2"]
[ECO "B90"]
[WhiteElo "2196"]
[BlackElo "2324"]
[Annotator "NA"]
[PlyCount "110"]
[EventDate "2019.06.27"]
[EventType "swiss"]
[EventCountry "RUS"]
[SourceTitle "playchess.com"]
[Source "ChessBase"]
[SourceQuality "1"]
[TimeControl "40/5400+30:1800+30"]

1. e4 c5 2. Nf3 d6 3. d4 cxd4 4. Nxd4 Nf6 5. Nc3 a6 6. Be3 e5 7. Nb3 Be6 8. Qd2 Be7 9. f3 O-O 10. O-O-O Nbd7 11. g4 b5 12. g5 b4 13. Ne2 Ne8 14. f4 a5 15. f5 Bxb3 16. cxb3 a4 17. bxa4 Rxa4 18. Kb1 Qa8 19. Nc1 b3 20. Bb5 Rxa2 21. Nxb3 Nc5 22. Nxc5 dxc5 23. Qd5 Ra1+ 24. Kc2 Qxd5 25. exd5 Rxd1 26. Rxd1 Nd6 27. f6 gxf6 28. gxf6 Bxf6 29. Rg1+ Kh8 30. Bxc5 Rc8 31. Bc6 Nc4 32. b4 e4 33. Re1 Ne5 34. Bd4 Bg7 35. Rg1 f6 36. Bxe5 fxe5 37. b5 Bf8 38. b6 Bd6 39. Kc3 e3 40. b7 Rf8 41. Bd7 e2 42. Be6 e4 43. Re1 Rf2 44. Kc4 Rf1 45. Rxe2 Rb1 46. Rg2 h6 47. Bc8 e3 48. h3 Rb4+ 49. Kd3 Bf4 50. Rg4 Rb3+ 51. Ke2 Rb2+ 52. Ke1 Rb1+ 53. Ke2 Rb2+ 54. Ke1 Rb1+ 55. Ke2 Rb2+ 1/2-1/2

[Event "69th RUS-ch Women Higher League 2019"]
[Site "Yaroslavl"]
[Date "2019.06.30"]
[Round "4.14"]
[White "Belenkaya, Dina"]
[Black "Markelova, Lubov"]
[Result "1-0"]
[ECO "C11"]
[WhiteElo "2321"]
[BlackElo "2186"]
[Annotator "NA"]
[PlyCount "105"]
[EventDate "2019.06.27"]
[EventType "swiss"]
[EventCountry "RUS"]
[SourceTitle "playchess.com"]
[Source "ChessBase"]
[SourceQuality "1"]
[TimeControl "40/5400+30:1800+30"]

1. e4 e6 2. d4 d5 3. Nc3 Nf6 4. e5 Nfd7 5. Nce2 c5 6. c3 Nc6 7. Nf3 Be7 8. a3 O-O 9. Nf4 Qa5 10. Be3 Nxd4 11. Nxd4 cxd4 12. Bxd4 Qc7 13. Qh5 g6 14. Qe2 Nc5 15. h4 Nb3 16. Rd1 Nxd4 17. cxd4 Bd7 18. h5 Qa5+ 19. Rd2 Rac8 20. Nd3 Bb5 21. f4 Rc4 22. Qe3 Qb6 23. Nf2 Rc1+ 24. Nd1 Bxf1 25. Kxf1 Qa6+ 26. Kf2 Qc6 27. g4 Rc2 28. Nc3 Rxd2+ 29. Qxd2 b5 30. f5 exf5 31. gxf5 Qd7 32. f6 Qf5+ 33. Ke1 Bxf6 34. exf6 Re8+ 35. Ne2 Qb1+ 36. Qd1 Qxb2 37. Rh3 b4 38. Rb3 Qa2 39. axb4 Qa6 40. Rf3 Qc4 41. Qd2 Qa6 42. Kf2 Re6 43. h6 Qd6 44. Qf4 Qxb4 45. Re3 Qb1 46. Qf3 Kf8 47. Rb3 Qf5 48. Qxf5 gxf5 49. Nf4 Re4 50. Rb8+ Re8 51. Rb7 Ra8 52. Nxd5 a5 53. Nc7 1-0

[Event "69th RUS-ch Women Higher League 2019"]
[Site "Yaroslavl"]
[Date "2019.06.30"]
[Round "4.15"]
[White "Utiatskaja, Irina"]
[Black "Goltseva, Ekaterina"]
[Result "0-1"]
[ECO "A06"]
[WhiteElo "2192"]
[BlackElo "2304"]
[Annotator "NA"]
[PlyCount "74"]
[EventDate "2019.06.27"]
[EventType "swiss"]
[EventCountry "RUS"]
[SourceTitle "playchess.com"]
[Source "ChessBase"]
[SourceQuality "1"]
[TimeControl "40/5400+30:1800+30"]

1. Nf3 Nf6 2. e3 d5 3. c4 e6 4. b3 c5 5. Bb2 Nc6 6. cxd5 exd5 7. d4 cxd4 8. Nxd4 Bb4+ 9. Bc3 Bd6 10. Be2 O-O 11. O-O Ne4 12. Nf3 Bg4 13. Bb2 Qa5 14. a3 Rfd8 15. b4 Qc7 16. Nbd2 Nxd2 17. Qxd2 Bxf3 18. Bxf3 Bxh2+ 19. Kh1 Be5 20. Rfd1 Rd6 21. Bxe5 Nxe5 22. Bxd5 Rad8 23. e4 Ng4 24. g3 Qb6 25. Kg2 Rf6 26. Rf1 Rc8 27. Ra2 Rh6 28. Rh1 Rxh1 29. Kxh1 Qg6 30. f3 Qh5+ 31. Kg2 Qh2+ 32. Kf1 Qh1+ 33. Ke2 Qg2+ 34. Kd3 Qxf3+ 35. Kd4 Qf6+ 36. Kd3 Ne5+ 37. Ke2 Qf3+ 0-1

[Event "69th RUS-ch Women Higher League 2019"]
[Site "Yaroslavl"]
[Date "2019.06.30"]
[Round "4.16"]
[White "Afonasieva, Anna"]
[Black "Nosacheva, Mariya"]
[Result "0-1"]
[ECO "A48"]
[WhiteElo "2303"]
[BlackElo "2150"]
[Annotator "NA"]
[PlyCount "104"]
[EventDate "2019.06.27"]
[EventType "swiss"]
[EventCountry "RUS"]
[SourceTitle "playchess.com"]
[Source "ChessBase"]
[SourceQuality "1"]
[TimeControl "40/5400+30:1800+30"]

1. d4 Nf6 2. Nf3 g6 3. c4 Bg7 4. g3 O-O 5. Bg2 d6 6. O-O Nbd7 7. Qc2 e5 8. Rd1 Re8 9. Nc3 c6 10. e4 Qe7 11. h3 exd4 12. Nxd4 Nc5 13. f3 a5 14. Be3 Nfd7 15. Bf2 Ne5 16. b3 a4 17. Rab1 axb3 18. axb3 Ra3 19. f4 Ned7 20. Nde2 Nb6 21. Rd2 Be6 22. Rbd1 Rxb3 23. Bxc5 Rxc3 24. Nxc3 dxc5 25. e5 Nxc4 26. Rd3 f5 27. Na4 Rc8 28. Nb2 Nxb2 29. Qxb2 Bf8 30. Qb6 c4 31. Rd6 Kf7 32. Bf1 Qc7 33. Qd4 Bxd6 34. exd6 Qd7 35. Bxc4 Bxc4 36. Qxc4+ Qe6 37. Qc5 Rd8 38. Qd4 Rd7 39. Rd2 c5 40. Qb2 b6 41. Kh2 Rxd6 42. Re2 Qf6 43. Qa2+ Kg7 44. h4 Kh6 45. h5 Kxh5 46. Qa7 h6 47. Re5 Rd2+ 48. Kh3 Rd3 49. Kh2 Kg4 50. Qa2 Rxg3 51. Qe2+ Kxf4 52. Qf2+ Rf3 0-1

[Event "69th RUS-ch Women Higher League 2019"]
[Site "Yaroslavl"]
[Date "2019.06.30"]
[Round "4.17"]
[White "Bykova, Anastasia"]
[Black "Schepetkova, Margarita"]
[Result "1/2-1/2"]
[ECO "B12"]
[WhiteElo "2229"]
[BlackElo "2241"]
[Annotator "NA"]
[PlyCount "74"]
[EventDate "2019.06.27"]
[EventType "swiss"]
[EventCountry "RUS"]
[SourceTitle "playchess.com"]
[Source "ChessBase"]
[SourceQuality "1"]
[TimeControl "40/5400+30:1800+30"]

1. e4 c6 2. d4 d5 3. e5 Bf5 4. Nd2 e6 5. Nb3 Nd7 6. Nf3 Ne7 7. Be2 h6 8. O-O g5 9. Ne1 Qc7 10. Nd3 Bg7 11. f4 O-O-O 12. g4 Bg6 13. fxg5 hxg5 14. Bxg5 f6 15. Ndc5 fxg5 16. Nxe6 Qb6 17. Nxg7 Nxe5 18. Qd2 Nc4 19. Qxg5 Qc7 20. Qf4 Qxf4 21. Rxf4 Rdg8 22. Ne6 Bf5 23. Nec5 Ne3 24. Re1 Nxc2 25. Ref1 Ne3 26. R1f2 Bxg4 27. Bxg4+ Nxg4 28. Rg2 Ne3 29. Rg3 N7f5 30. Rxg8+ Rxg8+ 31. Kh1 Rh8 32. Kg1 Rh5 33. Nd3 Rg5+ 34. Kh1 Rh5 35. Kg1 Rg5+ 36. Kh1 Rh5 37. Kg1 Rg5+ 1/2-1/2

[Event "69th RUS-ch Women Higher League 2019"]
[Site "Yaroslavl"]
[Date "2019.06.30"]
[Round "4.18"]
[White "Bulatova, Kamaliya"]
[Black "Tokmakova, Ulyana"]
[Result "1/2-1/2"]
[ECO "A45"]
[WhiteElo "2102"]
[BlackElo "1878"]
[Annotator "NA"]
[PlyCount "86"]
[EventDate "2019.06.27"]
[EventType "swiss"]
[EventCountry "RUS"]
[SourceTitle "playchess.com"]
[Source "ChessBase"]
[SourceQuality "1"]
[TimeControl "40/5400+30:1800+30"]

1. d4 Nf6 2. Bf4 e6 3. e3 Be7 4. Nd2 O-O 5. Bd3 c5 6. c3 b6 7. Qe2 Bb7 8. e4 cxd4 9. cxd4 Nc6 10. Ngf3 Nb4 11. O-O Nxd3 12. Qxd3 d5 13. e5 Ne4 14. Rfc1 Qd7 15. Ne1 Nxd2 16. Bxd2 Rfc8 17. Nc2 a5 18. Qg3 Rc6 19. Ne3 Rac8 20. Re1 Ba6 21. Ng4 Kh8 22. Qf4 Rc2 23. Bc3 Bb4 24. Bxb4 axb4 25. h4 Be2 26. f3 h5 27. Nf2 Rxb2 28. Qg5 Rcc2 29. Rac1 Qc7 30. Qxh5+ Kg8 31. Qg5 Bb5 32. h5 Qb8 33. Rxc2 Rxc2 34. Ng4 Qf8 35. h6 g6 36. h7+ Kh8 37. Kh2 Rxa2 38. Kg3 Ra8 39. Rb1 Bd3 40. Rb3 Bf5 41. Nf6 Bc2 42. Rb2 b3 43. Ng4 Qg7 1/2-1/2

[Event "69th RUS-ch Women Higher League 2019"]
[Site "Yaroslavl"]
[Date "2019.06.30"]
[Round "4.19"]
[White "Mukhina, Jana"]
[Black "Dzutseva, Lana"]
[Result "1-0"]
[ECO "C63"]
[WhiteElo "2090"]
[BlackElo "1325"]
[Annotator "NA"]
[PlyCount "83"]
[EventDate "2019.06.27"]
[EventType "swiss"]
[EventCountry "RUS"]
[SourceTitle "playchess.com"]
[Source "ChessBase"]
[SourceQuality "1"]
[TimeControl "40/5400+30:1800+30"]

1. e4 e5 2. Nf3 Nc6 3. Bb5 f5 4. Nc3 fxe4 5. Nxe4 d5 6. Nxe5 dxe4 7. Qh5+ g6 8. Nxg6 Nf6 9. Bxc6+ bxc6 10. Qe5+ Kf7 11. Nxh8+ Kg8 12. b3 Bg7 13. Nf7 Kxf7 14. Bb2 Qe7 15. Qxe7+ Kxe7 16. O-O-O Bf5 17. Be5 a5 18. a4 Ra7 19. Rde1 Ke6 20. Bd4 Ra8 21. g4 Bg6 22. f4 Kd5 23. Bc3 Ne8 24. f5 Bf7 25. Bxg7 Nxg7 26. d3 exd3 27. Re7 Rf8 28. Rd1 Kd6 29. Re3 h5 30. Rdxd3+ Kc5 31. h3 hxg4 32. hxg4 Bg8 33. Re5+ Kb6 34. Rd7 Ne8 35. Rd8 Bf7 36. Re7 c5 37. c4 Kc6 38. Kd2 Kb6 39. Ke3 Kc6 40. Kf4 Kb6 41. Rxf7 Rxf7 42. Rxe8 1-0

[Event "69th RUS-ch Women Higher League 2019"]
[Site "Yaroslavl"]
[Date "2019.06.30"]
[Round "4.20"]
[White "Loskutova, Viktoriya"]
[Black "Faizutdinova, Diana"]
[Result "1/2-1/2"]
[ECO "B01"]
[WhiteElo "2019"]
[BlackElo "2061"]
[Annotator "NA"]
[PlyCount "70"]
[EventDate "2019.06.27"]
[EventType "swiss"]
[EventCountry "RUS"]
[SourceTitle "playchess.com"]
[Source "ChessBase"]
[SourceQuality "1"]
[TimeControl "40/5400+30:1800+30"]

1. e4 d5 2. exd5 Qxd5 3. Nc3 Qd8 4. d4 Nf6 5. Nf3 Bg4 6. Be2 c6 7. Ne5 Bxe2 8. Nxe2 Nbd7 9. Nf3 e6 10. O-O Bd6 11. Bf4 Qc7 12. Qc1 O-O 13. Rd1 Bxf4 14. Qxf4 Qxf4 15. Nxf4 a5 16. Nd3 Rfd8 17. Nfe5 h6 18. Kf1 g5 19. a4 Kg7 20. Nc4 Nd5 21. c3 b6 22. Nde5 Nxe5 23. Nxe5 Rdc8 24. g3 b5 25. Nd7 Ra7 26. Nc5 b4 27. c4 Nb6 28. b3 Nd7 29. Nd3 Rd8 30. Ke2 Rc7 31. h3 Nf6 32. Nc5 Nd7 33. Nd3 Nf6 34. Nc5 Nd7 35. Nd3 Nf6 1/2-1/2

[Event "69th RUS-ch Women Higher League 2019"]
[Site "Yaroslavl"]
[Date "2019.06.30"]
[Round "4.21"]
[White "Yakushina, Ekaterina"]
[Black "Lysenko, Margarita"]
[Result "0-1"]
[ECO "A62"]
[WhiteElo "1783"]
[BlackElo "2224"]
[Annotator "NA"]
[PlyCount "138"]
[EventDate "2019.06.27"]
[EventType "swiss"]
[EventCountry "RUS"]
[SourceTitle "playchess.com"]
[Source "ChessBase"]
[SourceQuality "1"]
[TimeControl "40/5400+30:1800+30"]

1. d4 Nf6 2. c4 e6 3. g3 c5 4. d5 exd5 5. cxd5 d6 6. Nc3 g6 7. Nf3 Bg7 8. Bg2 O-O 9. O-O Re8 10. Bf4 Bf5 11. Nd2 Nh5 12. e4 Nxf4 13. gxf4 Bd7 14. Nc4 Bxc3 15. bxc3 Bb5 16. Qb3 Bxc4 17. Qxc4 Nd7 18. Rab1 b6 19. Qd3 c4 20. Qxc4 Qh4 21. Qc6 Nf6 22. Qxd6 Nxe4 23. Bxe4 Rxe4 24. Rb4 Rxb4 25. Qxb4 Qg4+ 26. Kh1 Qf3+ 27. Kg1 Qxd5 28. a4 Re8 29. Qb5 Qe6 30. Qd3 Rc8 31. Qa6 Rc5 32. Qxa7 Qg4+ 33. Kh1 Qf3+ 34. Kg1 Qxf4 35. Qa8+ Kg7 36. Kh1 Rxc3 37. Qd5 Rh3 38. Qg2 Ra3 39. Qc6 Rxa4 40. Qc3+ Qd4 41. Qb3 Rb4 42. Qg3 h5 43. Re1 Rb2 44. Kg2 Qg4 45. Qxg4 hxg4 46. Re7 Kf6 47. Rb7 Ke6 48. Kg3 f5 49. Rg7 Kf6 50. Rb7 Kg5 51. Rh7 Rb1 52. f4+ Kf6 53. Rb7 Rb3+ 54. Kg2 g5 55. fxg5+ Kxg5 56. Rd7 Rb2+ 57. Kg1 b5 58. Rd4 Kf6 59. Rd8 Ke5 60. Re8+ Kf4 61. Rf8 b4 62. Rc8 Kf3 63. Rc1 f4 64. Rd1 b3 65. Rd3+ Ke2 66. Rd8 Rb1+ 67. Kg2 f3+ 68. Kg3 Rg1+ 69. Kf4 f2 0-1

[Event "69th RUS-ch Women Higher League 2019"]
[Site "Yaroslavl"]
[Date "2019.06.30"]
[Round "4.22"]
[White "Khokhlova, Daria"]
[Black "Shaydullina, Sandugach"]
[Result "1-0"]
[ECO "D20"]
[WhiteElo "2234"]
[BlackElo "2128"]
[Annotator "NA"]
[PlyCount "126"]
[EventDate "2019.06.27"]
[EventType "swiss"]
[EventCountry "RUS"]
[SourceTitle "playchess.com"]
[Source "ChessBase"]
[SourceQuality "1"]
[TimeControl "40/5400+30:1800+30"]

1. d4 d5 2. c4 dxc4 3. e3 e5 4. Bxc4 exd4 5. exd4 Bb4+ 6. Nc3 Qe7+ 7. Nge2 Nf6 8. O-O O-O 9. Bg5 c6 10. Qc2 Nbd7 11. Ng3 Nb6 12. Bd3 h6 13. Bd2 Qd8 14. Nce2 Nbd5 15. a3 Bxd2 16. Qxd2 Be6 17. Bc2 Qb6 18. Kh1 Rad8 19. b4 Rfe8 20. h3 Re7 21. Ng1 Nc7 22. Nf3 Nb5 23. Rfd1 Bd5 24. Nf5 Re6 25. Qf4 Nd6 26. Ne5 Nxf5 27. Qxf5 Red6 28. Ng4 Nxg4 29. Qh7+ Kf8 30. hxg4 Be6 31. Qh8+ Ke7 32. Qxg7 Rxd4 33. Re1 Rf4 34. Bf5 Rd6 35. Bxe6 Qxf2 36. Bf5+ Kd8 37. Qf8+ Kc7 38. Qe7+ Kb6 39. Qe3+ Qxe3 40. Rxe3 h5 41. Rf3 Rxf3 42. gxf3 hxg4 43. fxg4 Kb5 44. Kg2 Kc4 45. Rf1 f6 46. Kg3 Kb3 47. Rf3+ Kb2 48. a4 b6 49. Rd3 Rxd3+ 50. Bxd3 Kb3 51. Kf4 Kxb4 52. Kf5 Kc3 53. Bf1 a5 54. Kxf6 Kb4 55. g5 Kxa4 56. g6 b5 57. g7 c5 58. g8=Q c4 59. Bxc4 Kb4 60. Bxb5 Kxb5 61. Qa2 Kb4 62. Ke5 a4 63. Kd4 a3 1-0

[Event "69th RUS-ch Women Higher League 2019"]
[Site "Yaroslavl"]
[Date "2019.06.30"]
[Round "4.23"]
[White "Mokshanova, Elizaveta"]
[Black "Matveeva, Olga"]
[Result "1/2-1/2"]
[ECO "B13"]
[WhiteElo "2020"]
[BlackElo "2189"]
[Annotator "NA"]
[PlyCount "95"]
[EventDate "2019.06.27"]
[EventType "swiss"]
[EventCountry "RUS"]
[SourceTitle "playchess.com"]
[Source "ChessBase"]
[SourceQuality "1"]
[TimeControl "40/5400+30:1800+30"]

1. e4 c6 2. d4 d5 3. exd5 cxd5 4. c4 Nf6 5. Nc3 Nc6 6. Be3 e6 7. Nf3 Be7 8. c5 O-O 9. Bd3 b6 10. cxb6 Qxb6 11. O-O Ba6 12. a3 Bxd3 13. Qxd3 a5 14. Na4 Qb8 15. Rac1 Rc8 16. Rc3 Nd7 17. Rfc1 Na7 18. g3 Qb7 19. Bf4 Rxc3 20. Rxc3 Rc8 21. Ne5 Nxe5 22. Bxe5 h6 23. Rb3 Qc6 24. Nb6 Qc1+ 25. Kg2 Rc6 26. Na4 Nc8 27. Nc3 f6 28. Bf4 Qe1 29. Bd2 Qa1 30. Qb5 Rc4 31. Nxd5 Rxd4 32. Nxe7+ Nxe7 33. Qe8+ Kh7 34. Qxe7 Qb1 35. Bf4 Qe4+ 36. Rf3 Rd3 37. Be3 f5 38. Qc7 a4 39. h4 Rb3 40. Qf4 Qc6 41. Bd4 g5 42. Qe5 Qxf3+ 43. Kh2 Rb7 44. Qh8+ Kg6 45. Qf6+ Kh7 46. Qh8+ Kg6 47. Qe8+ Kh7 48. Qh8+ 1/2-1/2

[Event "69th RUS-ch Women Higher League 2019"]
[Site "Yaroslavl"]
[Date "2019.06.30"]
[Round "4.24"]
[White "Filippova, Darya"]
[Black "Kabanova, Ekaterina"]
[Result "0-1"]
[ECO "A25"]
[WhiteElo "2174"]
[BlackElo "2099"]
[Annotator "NA"]
[PlyCount "54"]
[EventDate "2019.06.27"]
[EventType "swiss"]
[EventCountry "RUS"]
[SourceTitle "playchess.com"]
[Source "ChessBase"]
[SourceQuality "1"]
[TimeControl "40/5400+30:1800+30"]

1. c4 e5 2. Nc3 Nc6 3. g3 Bc5 4. Bg2 a6 5. e3 d6 6. Nge2 Ba7 7. O-O h5 8. Nd5 h4 9. b4 Nf6 10. d4 hxg3 11. fxg3 Bg4 12. Qe1 Nxd5 13. Bxd5 f5 14. b5 axb5 15. cxb5 Ne7 16. Bf3 Bh3 17. Rf2 g5 18. a4 e4 19. Bg2 Bxg2 20. Kxg2 Qd7 21. Ra3 O-O-O 22. Nc3 d5 23. a5 f4 24. exf4 Bxd4 25. Kh1 Qg4 26. Qe2 Qxg3 27. Nxe4 Rxh2+ 0-1